 Dungeon Crawl Stone Soup version 0.21-a0-508-gf08a75f (webtiles) character file.

448 kiturien the Shield-Bearer (level 6, -1/53 HPs)
             Began as a Minotaur Fighter on Nov 28, 2017.
             Slain by a two-headed ogre
             ... wielding a +0 giant club
              (16 damage)
             ... on level 4 of the Dungeon.
             The game lasted 00:06:02 (3119 turns).

kiturien the Shield-Bearer (Minotaur Fighter)       Turns: 3119, Time: 00:06:03

Health: -1/53      AC: 10    Str: 27    XL:     6   Next: 73%
Magic:  5/5        EV: 10    Int:  5    God:
Gold:   173        SH: 15    Dex: 10    Spells: 5/5 levels left

rFire    . . .     SeeInvis .   a - +0 long sword
rCold    + + .     Gourm    .   c - +0 shield
rNeg     . . .     Faith    .   p - +4 ring mail {rC+}
rPois    .         Spirit   .   (helmet restricted)
rElec    .         Reflect  +   o - scarf {cloud immunity}
rCorr    +         Harm     .   (no gloves)
MR       .....                  (no boots)
Stlth    +.........             w - +5 amulet of reflection
HPRegen  0.17/turn              j - ring of protection from cold
MPRegen  0.09/turn              u - ring of resist corrosion

@: mighty
A: retaliatory headbutt, horns 2
a: no special abilities


You were on level 4 of the Dungeon.
You were not hungry.

You visited 1 branch of the dungeon, and saw 4 of its levels.

You collected 173 gold pieces.

Inventory:

Hand Weapons
 a - a +0 long sword (weapon)
Armour
 c - a +0 shield (worn)
 o - a scarf of cloud immunity (worn)
 p - a +4 ring mail of cold resistance (worn)
Jewellery
 h - an uncursed ring of see invisible
 j - a ring of protection from cold (left hand)
 u - a ring of resist corrosion (right hand)
 w - a +5 amulet of reflection (around neck)
Scrolls
 g - 2 scrolls of remove curse
 k - 2 scrolls of teleportation
 l - a scroll of identify
 q - a scroll of fog
 t - a scroll of fear
 v - a scroll of blinking
Potions
 d - a potion of might
 e - 2 potions of curing
 i - a potion of flight
 m - a potion of heal wounds
Comestibles
 b - a royal jelly
 f - 3 bread rations
 n - 3 meat rations
 r - 7 chunks of flesh


   Skills:
 + Level 4.7 Fighting
 + Level 5.0 Long Blades
 + Level 5.1 Armour
 + Level 2.4 Dodging
 + Level 0.2 Stealth
 + Level 5.5 Shields


You had 5 spell levels left.
You didn't know any spells.

Dungeon Overview and Level Annotations

Branches:
Dungeon (4/15)
 Temple: D:4-7

Altars:
Cheibriados
Elyvilon
Okawaru
Qazlal
Ru
Uskayaw
The Shining One

Shops:
D:4 }


Innate Abilities, Weirdness & Mutations

You reflexively headbutt those who attack you in melee.
You have a pair of horns on your head.


Message History

The two-headed ogre hits you with a giant club!!
You block the two-headed ogre's attack.
You slash the two-headed ogre!
The two-headed ogre is lightly wounded.
The two-headed ogre hits you with a giant club!
* * * LOW HITPOINT WARNING * * *
You block the two-headed ogre's attack.
You slice the two-headed ogre!!
The two-headed ogre is heavily wounded.
The two-headed ogre barely misses you. The two-headed ogre misses you.
You slash the two-headed ogre!
The two-headed ogre is heavily wounded.
You block the two-headed ogre's attack. x2
You barely miss the two-headed ogre.
The two-headed ogre is heavily wounded.
The two-headed ogre closely misses you. The two-headed ogre barely misses you.
You hit the two-headed ogre.
The two-headed ogre is severely wounded.
The two-headed ogre hits you with a giant club!
You die...

##### ## .# ##...## #
#.#### ##†###.## #
#...### #..# ##.####
#.....######## #.##
##..## #......#....##
#..# ##...
###............# #..#
#.>.
##..............#####..#
##..
#..............@.##...##
#..
#...##.....###.O###...##
#.. ..# #....## #..#
##..## ##.. .# ##....#
#.## ##..## ##..# #
##..#### #.#
#...#####...# ##..##
#.## ##(..(.....## #..##
##.## ########### ###.##
##.## #### #..## ##.###
#...


You could see a two-headed ogre.

Vanquished Creatures
  The ghost of zkyp the Charmwright, an amateur DgSk (D:4)
  A hound (D:4)
  An orc wizard (D:4)
  4 worker ants (D:4)
  3 gnolls (D:4)
  4 adders (D:2)
  2 oozes
  2 worms (D:3)
  A dart slug (D:2)
  3 leopard geckos
  5 orcs
  A ball python (D:2)
  7 bats
  4 giant cockroaches
  8 goblins
  3 hobgoblins
  3 jackals (D:4)
  5 quokkas
  6 frilled lizards
  11 kobolds
  6 rats
81 creatures vanquished.

Notes
Turn   | Place    | Note
-------+----------+-------------------------------------------
     0 | D:1      | kiturien the Minotaur Fighter began the quest for the Orb.
     0 | D:1      | Reached XP level 1. HP: 19/19 MP: 0/0
   101 | D:1      | Reached XP level 2. HP: 27/27 MP: 1/1
   621 | D:1      | Reached XP level 3. HP: 33/33 MP: 2/2
  1118 | D:2      | Reached XP level 4. HP: 40/40 MP: 3/3
  1366 | D:2      | Found a stormy altar of Qazlal.
  1487 | D:2      | Found a snail-covered altar of Cheibriados.
  1487 | D:2      | Found a glowing golden altar of the Shining One.
  1493 | D:2      | Found a white marble altar of Elyvilon.
  1588 | D:3      | Found an iron altar of Okawaru.
  1718 | D:3      | Found a sacrificial altar of Ru.
  1766 | D:3      | Found a hide-covered altar of Uskayaw.
  2395 | D:4      | Reached skill level 1 in Dodging
  2395 | D:4      | Reached XP level 5. HP: 43/47 MP: 4/4
  2709 | D:4      | Noticed zkyp's ghost (amateur DgSk)
  2724 | D:4      | Killed zkyp's ghost
  2724 | D:4      | Reached skill level 5 in Armour
  2724 | D:4      | Reached skill level 5 in Shields
  2724 | D:4      | Reached XP level 6. HP: 29/53 MP: 5/5
  2909 | D:4      | Found Fumn's Gadget Shop.
  2986 | D:4      | Reached skill level 5 in Long Blades
  2997 | D:4      | Noticed a two-headed ogre
  3119 | D:4      | Slain by a two-headed ogre

Vault maps used:
D:1:      onia_arrival_larder
D:2:      marbit_many_paths, minitemple
D:3:      lemuel_round_altar, lemuel_round_altar, okawaru_trees_2
D:4:      old_standard_altar, serial_shops, kennysheep_little_box, first_bread,
          uniq_duvessa

Skill      XL: |  1  2  3  4  5  6 |
---------------+-------------------+-----
Shields        | 4 5 |  5.5
Armour         | 4 5 |  5.1
Fighting       | 4 |  4.7
Long Blades    | 3 4 5 |  5.0
Dodging        | 1 2 |  2.4
Stealth        | |  0.2

Action                   |  1- 3 |  4- 6 || total
-------------------------+-------+-------++-------
Melee: Long sword        |    94 |   151 ||   245
       Headbutt          |    10 |    28 ||    38
  Use: Scroll            |     4 |     5 ||     9
       Potion            |     4 |     2 ||     6
  Eat: Chunk             |       |     7 ||     7
Armor: Scale mail        |    45 |       ||    45
       Ring mail         |       |    62 ||    62
Dodge: Dodged            |    23 |    45 ||    68
Block: Shield            |    49 |    79 ||   128
       Rpst.: Long sword |     7 |    13 ||    20

Table legend:
 A = Spawn XP
 B = Non-spawn XP
 C = Spawn XP percentage of total XP
 D = Spawn monster count
 E = Non-spawn monster count
 F = Spawn count percentage of total count
 G = Total turns spent on level
                    A         B        C        D         E        F      G
               +---------+---------+-------+---------+---------+-------+---------
         Total |       0 |     640 |   0.0 |       0 |      81 |   0.0 |  3119
               +---------+---------+-------+---------+---------+-------+---------
           D:1 |       0 |      43 |   0.0 |       0 |      24 |   0.0 |   682
           D:2 |       0 |      90 |   0.0 |       0 |      23 |   0.0 |   859
           D:3 |       0 |      36 |   0.0 |       0 |      16 |   0.0 |   925
           D:4 |       0 |     471 |   0.0 |       0 |      18 |   0.0 |   653
               +---------+---------+-------+---------+---------+-------+---------
